 Dungeon Crawl Stone Soup version 0.25-a0-1007-g10a8c3caa8 (webtiles) character file.

Game seed: 6050695429710335191, levelgen mode: deterministic

120666 Flugslaktarn the Severer (level 16, -1/155 HPs)
             Began as a Minotaur Fighter on May 11, 2020.
             Was an Initiate of Gozag.
             Slain by a 13-headed hydra (4 damage)
             ... on level 4 of the Swamp.
             The game lasted 00:15:58 (32011 turns).

Flugslaktarn the Severer (Minotaur Fighter)        Turns: 32011, Time: 00:15:59

Health: -1/155     AC: 22    Str: 20    XL:     16   Next: 30%
Magic:  0/15       EV: 16    Int:  7    God:    Gozag
Gold:   2597       SH:  0    Dex: 16    Spells: 15/15 levels left

rFire    . . .     SeeInvis +   b - +10 battleaxe of a Million Wonders {venom, rElec SInv}
rCold    + + .     Gourm    .   (shield currently unavailable)
rNeg     . . .     Faith    .   L - +2 chain mail of Azeyphadgh {+Blink rPois rC++ Str-2}
rPois    +         Spirit   +   I - +3 crown of Dyrovepreva {rElec Int+2 SInv}
rElec    +         Reflect  .   c - scarf {Spirit}
rCorr    .         Harm     .   (no gloves)
MR       +....                  K - +2 pair of boots {run}
Stlth    ..........             (no amulet)
HPRegen  0.35/turn              i - ring of see invisible
MPRegen  0.14/turn              (no ring)

@: quick
A: retaliatory headbutt, horns 2
a: Potion Petition, Call Merchant, Bribe Branch, Renounce Religion, Evoke Blink


You were on level 4 of the Swamp.
You worshipped Gozag.
Gozag was most pleased with you.
You were hungry.

You visited 5 branches of the dungeon, and saw 28 of its levels.
You visited the Abyss 1 time.
You also visited: Volcano.

You collected 9541 gold pieces.
You spent 3913 gold pieces at shops.
You paid 3031 gold pieces to Gozag.

Inventory:

Hand Weapons
 a - a +1 war axe
 b - the +10 battleaxe of a Million Wonders (weapon) {venom, rElec SInv}
   (You bought it in a shop on level 4 of the Dungeon)

   It poisons the flesh of those it strikes.
   It insulates you from electricity.
   It lets you see invisible.
Missiles
 C - a throwing net (quivered)
Armour
 c - a scarf of spirit shield (worn)
   (You found it on level 2 of the Swamp)
 u - a +2 cloak
   (You took it off Crazy Yiuf on level 5 of the Dungeon)
 w - the +15 Maxwell's patent armour {-Cast -Tele rElec MR+ rCorr}
   (You bought it in a shop on level 2 of the Orcish Mines)

   It insulates you from electricity.
   It affects your resistance to hostile enchantments.
   It prevents spellcasting.
   It prevents most forms of teleportation.
   It provides partial protection from all sources of acid and corrosion.
 I - the +3 crown of Dyrovepreva (worn) {rElec Int+2 SInv}
   (You bought it in a shop on level 2 of the Orcish Mines)

   It affects your intelligence (+2).
   It insulates you from electricity.
   It lets you see invisible.
 J - a scarf of spirit shield
   (You found it on level 11 of the Dungeon)
 K - a +2 pair of boots of running (worn)
   (You bought it in a shop on level 2 of the Orcish Mines)
 L - the +2 chain mail of Azeyphadgh (worn) {+Blink rPois rC++ Str-2}
   (You found it on level 3 of the Swamp)

   It affects your strength (-2).
   It greatly protects you from cold.
   It protects you from poison.
   It lets you blink.
Jewellery
 i - a ring of see invisible (left hand)
   (You found it on level 2 of the Dungeon)
Wands
 f - a wand of iceblast (32)
   (You found it on level 8 of the Dungeon)
 k - a wand of paralysis (4)
   (You took it off Psyche on level 8 of the Dungeon)
 p - a wand of acid (23)
   (You took it off a centaur on level 11 of the Dungeon)
 v - a wand of digging (5)
   (You found it on level 12 of the Dungeon)
 B - a wand of enslavement (10)
   (You found it on level 12 of the Dungeon)
Scrolls
 j - 3 scrolls of magic mapping
 m - 2 scrolls of fog
 o - 4 scrolls of enchant weapon
 r - a scroll of identify
 t - 4 scrolls of teleportation
 x - 13 scrolls of remove curse
 y - 2 scrolls of enchant armour
 z - a scroll of blinking
 D - 2 scrolls of immolation
 G - a scroll of holy word
 H - 4 scrolls of fear
Potions
 d - 3 potions of might
 g - 4 potions of flight
 h - 3 potions of haste
 l - 3 potions of berserk rage
 n - a potion of resistance
 q - 2 potions of curing
 s - 4 potions of lignification
 A - a potion of mutation
 E - 2 potions of invisibility
 F - a potion of cancellation
Comestibles
 e - 23 rations


   Skills:
 + Level 17.0 Fighting
 - Level 20.0 Axes
 + Level 17.0 Armour
 + Level 12.1 Dodging
   Level 4.9 Shields


You had 15 spell levels left.
You didn't know any spells.
Your spell library was empty.

Dungeon Overview and Level Annotations

Branches:
Dungeon (15/15)            Temple (1/1) D:6            Lair (6/6) D:10
  Swamp (4/4) Lair:4        Snake (0/4) Lair:3        Slime (0/5) Lair:6
    Orc (2/2) D:10            Elf (0/3) Orc:2        Vaults (0/5) D:13
 Depths (0/5) D:15        Volcano (visited)

Altars:
Ashenzari
Cheibriados
Dithmenos
Elyvilon
Fedhas
Gozag
Hepliaklqana
Kikubaaqudgha
Makhleb
Nemelex Xobeh
Okawaru
Qazlal
Ru
Sif Muna
Trog
Uskayaw
Vehumet
Wu Jian
Xom
Yredelemnul
Zin
The Shining One
Jiyva

Shops:
D:4 (   D:6 =   Orc:2 [[*}:[%

Annotations:
D:3 2 transporters
D:9 1 runed translucent door
Swamp:2 Roxanne


Innate Abilities, Weirdness & Mutations

You reflexively headbutt those who attack you in melee.
You have a pair of horns on your head.


Message History

The nine-headed hydra bites you.
* * * LOW HITPOINT WARNING * * *
The nine-headed hydra bites you but does no damage.
The nine-headed hydra bites you!
* * * LOW HITPOINT WARNING * * *
The nine-headed hydra bites you but does no damage.
The nine-headed hydra bites you.
* * * LOW HITPOINT WARNING * * *
The nine-headed hydra bites you but does no damage.
You are too injured to fight recklessly!
The 13-headed hydra bites you.
* * * LOW HITPOINT WARNING * * *
The 13-headed hydra bites you!
* * * LOW HITPOINT WARNING * * *
The 13-headed hydra bites you!
* * * LOW HITPOINT WARNING * * *
The 13-headed hydra bites you but does no damage.
The 13-headed hydra bites you.
You die...
Your body crumbles into a pile of gold.

♣ ♣♣♣♣≈..♣.≈≈♣ .≈
♣♣♣.≈≈.≈≈♣♣♣♣♣♣♣ /. #
.♣≈≈≈≈...♣♣♣♣..♣♣ .. ≈≈
≈≈.≈≈≈≈:.♣..≈≈≈≈♣ ≈♣ ≈≈≈
≈..≈≈≈....≈..≈≈.♣ .♣♣≈.≈.
≈.<≈≈≈≈.§≈≈≈..♣♣♣ ≈≈.≈≈..
≈≈≈≈≈≈≈≈≈≈≈≈.♣♣ ♣♣♣.≈.≈≈.♣
.≈≈..≈≈≈≈≈≈≈.♣♣♣♣D≈..♣
♣.....≈≈≈≈≈≈.♣♣.@D≈..♣ ♣♣
.≈≈≈§≈≈≈≈≈...♣≈.♣♣..≈♣ ≈≈♣
≈≈≈≈≈≈≈.≈.≈....♣♣♣♣.≈♣..♣
≈≈≈≈≈≈≈.♣≈≈≈.≈≈≈♣≈.♣♣♣.≈♣♣♣ ≈≈≈
≈≈≈≈≈≈.......≈≈≈≈.≈♣≈.≈≈≈≈♣ ≈≈≈≈
≈≈≈≈≈.♣♣.§♣...≈≈≈.♣♣.≈≈≈≈.♣♣♣.≈$.
≈≈≈≈≈.♣♣≈§.♣♣♣...≈≈.♣.≈≈≈≈§.≈≈≈≈.
≈≈≈≈≈≈.≈♣≈(♣ ♣♣♣.≈≈♣♣♣§§..≈≈≈≈≈≈≈
≈.≈.....≈♣♣♣♣ ♣♣.≈.♣♣♣..♣.≈≈≈≈≈≈≈


You could see a 13-headed hydra (extremely poisoned) and a nine-headed hydra
(extremely poisoned).

Vanquished Creatures
  Jorgrun (D:14)
  Frances (Swamp:2)
  Gastronok (D:10)
  A thorn hunter (Swamp:3)
  Donald (Orc:2)
  An ironheart preserver (D:13)
  Snorg (D:11)
  A fire dragon (Lair:6)
  9 hydras
  A shambling mangrove (Swamp:3)
  2 ghost crabs (Swamp:4)
  9 alligators
  2 centaur warriors (D:14)
  A catoblepas (Lair:6)
  5 two-headed ogres
  10 death yaks
  A vampire mage (D:15)
  Urug (Lair:6)
  4 skeletal warriors (D:13)
  A spriggan druid (Swamp:4)
  3 unseen horrors
  A swamp dragon (Swamp:2)
  A lindwurm (Lair:6)
  5 orc knights
  Pikel (D:8)
  4 manticores
  An orc sorcerer (Orc:2)
  12 ugly things
  A deep elf mage (D:15)
  A cyclops (D:14)
  13 elephants
  8 black mambas
  Psyche (D:8)
  4 gargoyles (D:13)
  A smoke demon (Abyss:3)
  16 spiny frogs
  6 torpor snails (Lair:6)
  3 efreet
  2 rime drakes
  A yaktaur (D:13)
  6 komodo dragons
  A tengu conjurer (D:14)
  A queen bee (D:10)
  2 polar bears
  A troll (D:12)
  4 raiju (Abyss:3)
  12 blink frogs
  6 bog bodies
  11 tyrant leeches
  11 hornets
  11 slime creatures
  An ettin zombie (D:15)
  3 dream sheep (Lair:6)
  10 hippogriffs
  A large abomination (Abyss:3)
  6 wraiths
  A ynoxinul (Abyss:3)
  A wyvern (D:14)
  A vampire (D:13)
  3 basilisks
  47 yaks
  3 spriggans
  A hungry ghost (D:13)
  7 fire bats
  24 vampire mosquitoes
  A steam dragon (Lair:1)
  10 insubstantial wisps
  A soldier ant (D:14)
  8 swamp worms
  20 water moccasins
  37 orc warriors
  10 porcupines
  2 swamp drakes (Swamp:2)
  4 slaves (D:8)
  4 ice beasts
  2 sky beasts
  2 necrophages
  13 ogres
  5 phantoms
  28 centaurs
  7 wolves
  9 crocodiles
  Blork the orc (D:4)
  2 big kobolds (D:13)
  15 bullfrogs
  2 gnoll sergeants
  7 scorpions
  A wyvern skeleton (D:7)
  35 killer bees
  4 howler monkeys
  12 wights
  10 crimson imps
  4 centaur zombies
  A lava snake (Volcano)
  A quasit (D:9)
  3 jellies
  6 hounds
  A gnoll shaman (Orc:1)
  11 orc priests
  Crazy Yiuf (D:5)
  10 iguanas
  4 centaur skeletons
  2 hell rats
  29 orc wizards
  2 worker ants
  A hound zombie (D:10)
  2 worker ant zombies (D:5)
  28 gnolls
  11 adders
  2 river rats (D:10)
  3 shadow imps
  3 oozes
  4 adder skeletons
  2 adder zombies
  4 worms
  9 leopard geckos
  87 orcs
  4 ball pythons
  A giant cockroach (D:1)
  4 goblins
  6 hobgoblins
  12 kobolds
  4 quokkas
  70 bats
  5 frilled lizards
  A jackal skeleton (D:7)
  7 rats
  5 bushes (D:14)
  9 fungi
  9 plants
934 creatures vanquished.

Vanquished Creatures (others)
  2 hornets (Swamp:4)
  A spriggan (Swamp:4)
  A shadow (D:14)
  3 insubstantial wisps (Swamp:4)
  A jelly (D:14)
  4 bushes (D:14)
  2 fungi
  4 plants
18 creatures vanquished.

Grand Total: 952 creatures vanquished

Notes
Turn   | Place    | Note
-------+----------+-------------------------------------------
     0 | D:1      | Flugslaktarn the Minotaur Fighter began the quest for the
                  | Orb.
     0 | D:1      | Reached XP level 1. HP: 19/19 MP: 0/0
   149 | D:1      | Reached XP level 2. HP: 27/27 MP: 1/1
   152 | D:1      | Reached skill level 3 in Axes
   612 | D:2      | Reached XP level 3. HP: 33/33 MP: 2/2
   663 | D:3      | Found a transporter.
   665 | D:3      | Found a transporter.
   689 | D:3      | Found an ornate altar of the Wu Jian Council.
   894 | D:3      | Reached XP level 4. HP: 40/40 MP: 3/3
   908 | D:3      | Reached skill level 4 in Axes
  1037 | D:3      | Found a shimmering altar of Xom.
  1346 | D:4      | Noticed Blork the orc
  1355 | D:4      | Killed Blork the orc
  1355 | D:4      | Reached XP level 5. HP: 43/47 MP: 4/4
  1477 | D:4      | Reached skill level 5 in Axes
  1478 | D:4      | Reached XP level 6. HP: 17/55 MP: 5/5
  1798 | D:4      | Found a radiant altar of Vehumet.
  1906 | D:4      | Found Haezxiqi's Antique Weapon Boutique.
  1917 | D:4      | Found a white marble altar of Elyvilon.
  2043 | D:4      | Reached skill level 5 in Fighting
  2043 | D:4      | Reached skill level 5 in Armour
  2507 | D:5      | Entered Level 5 of the Dungeon
  2753 | D:5      | Reached skill level 6 in Axes
  2753 | D:5      | Reached XP level 7. HP: 56/61 MP: 6/6
  3195 | D:5      | Found a sacrificial altar of Ru.
  3386 | D:5      | Reached skill level 7 in Axes
  3421 | D:5      | Found a runed translucent door.
  3422 | D:5      | Noticed Crazy Yiuf
  3430 | D:5      | Killed Crazy Yiuf
  3913 | D:6      | Found a shattered altar of Ashenzari.
  3978 | D:5      | Reached XP level 8. HP: 21/71 MP: 7/7
  4225 | D:6      | Reached skill level 8 in Axes
  4233 | D:6      | Reached skill level 9 in Axes
  4499 | D:6      | Found Gepto's Jewellery Shoppe.
  4675 | D:6      | Found a bloodstained altar of Trog.
  4893 | D:6      | Found a staircase to the Ecumenical Temple.
  4902 | Temple   | Entered the Ecumenical Temple
  5011 | Temple   | Became a worshipper of Gozag Ym Sagoz the Greedy
  5189 | D:7      | Reached skill level 10 in Axes
  5189 | D:7      | Reached XP level 9. HP: 54/80 MP: 8/8
  5984 | D:4      | Bought a dazzling battleaxe for 299 gold pieces
  5989 | D:4      | Identified the +10 battleaxe of a Million Wonders {venom,
                  | rElec SInv} (You bought it in a shop on level 4 of the
                  | Dungeon)
  6052 | D:7      | Found a snail-covered altar of Cheibriados.
  6264 | D:7      | Reached skill level 11 in Axes
  6542 | D:8      | Noticed Psyche
  6546 | D:8      | Paralysed by Psyche for 5 turns
  6551 | D:8      | Killed Psyche
  6593 | D:8      | Noticed Pikel
  6603 | D:8      | Killed Pikel
  6603 | D:8      | Reached XP level 10. HP: 86/91 MP: 9/9
  6710 | D:8      | Found a shadowy altar of Dithmenos.
  6763 | D:8      | Reached skill level 12 in Axes
  7853 | D:9      | Found a runed translucent door.
  7983 | D:9      | Found a stormy altar of Qazlal.
  8079 | D:9      | Found a sacrificial altar of Ru.
  8112 | D:9      | Noticed a flayed ghost
  8113 | D:9      | Found a burning altar of Makhleb.
  8122 | D:9      | Reached skill level 10 in Armour
  8159 | D:9      | Reached skill level 10 in Fighting
  8159 | D:9      | Reached skill level 13 in Axes
  8252 | D:9      | Found a sparkling altar of Nemelex Xobeh.
  8291 | D:9      | Found a shimmering altar of Xom.
  8375 | D:9      | Found a snail-covered altar of Cheibriados.
  8995 | D:10     | Entered Level 10 of the Dungeon
  9048 | D:10     | Reached XP level 11. HP: 39/101 MP: 10/10
  9377 | D:10     | Noticed Gastronok
  9393 | D:10     | Killed Gastronok
  9393 | D:10     | Reached skill level 14 in Axes
  9986 | D:10     | Noticed a death yak
  9987 | D:10     | Noticed a death yak
  9987 | D:10     | Noticed a death yak
 10274 | D:10     | Killed a death yak
 10278 | D:10     | Killed a death yak
 10286 | D:10     | Killed a death yak
 10508 | D:10     | Found a staircase to the Lair.
 10614 | D:10     | Reached skill level 15 in Axes
 10754 | D:10     | Found a staircase to the Orcish Mines.
 10797 | D:10     | Noticed an unseen horror
 10799 | D:10     | Noticed a two-headed ogre
 10801 | D:10     | Killed an unseen horror
 10805 | D:10     | Killed a two-headed ogre
 11115 | D:11     | Noticed a two-headed ogre
 11119 | D:11     | Killed a two-headed ogre
 11162 | D:11     | Reached XP level 12. HP: 110/112 MP: 11/11
 11406 | D:11     | Noticed Snorg
 11412 | D:11     | Killed Snorg
 11499 | D:11     | Reached skill level 16 in Axes
 13115 | D:13     | HP: 5/113 [yaktaur/bolt (11)]
 13119 | D:13     | Noticed a two-headed ogre
 13154 | D:13     | Killed a two-headed ogre
 13732 | D:13     | Reached skill level 17 in Axes
 14330 | D:13     | Found a gate to the Vaults.
 14330 | D:13     | Noticed an ironheart preserver
 14343 | D:13     | Killed an ironheart preserver
 14343 | D:13     | Reached XP level 13. HP: 84/122 MP: 12/12
 15292 | D:14     | Reached skill level 18 in Axes
 15307 | D:14     | HP: 6/123 [centaur warrior/arrow (7)]
 16004 | D:14     | Reached skill level 1 in Dodging
 16060 | D:14     | Noticed Jorgrun
 16086 | D:14     | Killed Jorgrun
 16094 | D:14     | HP: 5/124 [centaur warrior (2)]
 16963 | D:15     | Entered Level 15 of the Dungeon
 16973 | D:15     | Found a staircase to the Depths.
 17304 | Lair:1   | Entered Level 1 of the Lair of Beasts
 17796 | Lair:1   | Reached skill level 5 in Dodging
 17827 | Lair:1   | Reached XP level 14. HP: 70/132 MP: 13/13
 19547 | Lair:3   | Found a dark tunnel.
 19555 | Volcano  | Entered a volcano
 19848 | Lair:3   | Reached skill level 19 in Axes
 20098 | Lair:3   | Found a staircase to the Snake Pit.
 21704 | Lair:4   | Found a staircase to the Swamp.
 23185 | Lair:6   | Entered Level 6 of the Lair of Beasts
 23227 | Lair:6   | Reached skill level 15 in Armour
 23675 | Lair:6   | Noticed Urug
 23689 | Lair:6   | Killed Urug
 23872 | Lair:6   | Reached skill level 15 in Fighting
 24368 | Lair:6   | Reached XP level 15. HP: 141/141 MP: 14/14
 24615 | Lair:6   | Reached skill level 20 in Axes
 24798 | Lair:6   | Found a staircase to the Slime Pits.
 24798 | Lair:6   | Found a viscous altar of Jiyva.
 25888 | Lair:6   | Found a runed translucent door.
 25984 | Lair:6   | Reached skill level 10 in Dodging
 26831 | Orc:1    | Entered Level 1 of the Orcish Mines
 27349 | Orc:2    | Entered Level 2 of the Orcish Mines
 27349 | Orc:2    | Noticed Donald
 27359 | Orc:2    | Killed Donald
 28369 | Orc:2    | Found Cidghoal's Armour Shoppe.
 28369 | Orc:2    | Found Fosekle's Book Shop.
 28512 | Orc:2    | Found a staircase to the Elven Halls.
 28556 | Orc:2    | Found Aroarroz's Armour Boutique.
 28765 | Orc:2    | Found Caiphec's Food Emporium.
 28767 | Orc:2    | Found Kifuavivvo's Gadget Boutique.
 28802 | Orc:2    | Bought the +15 Maxwell's patent armour {-Cast -Tele rElec
                  | MR+ rCorr} for 2040 gold pieces
 28802 | Orc:2    | Found the +15 Maxwell's patent armour {-Cast -Tele rElec
                  | MR+ rCorr}
 28802 | Orc:2    | Bought the +3 crown of Dyrovepreva {rElec Int+2 SInv} for
                  | 786 gold pieces
 28802 | Orc:2    | Found the +3 crown of Dyrovepreva {rElec Int+2 SInv}
 28802 | Orc:2    | Bought a +2 pair of boots of running for 788 gold pieces
 29007 | Swamp:1  | Entered Level 1 of the Swamp
 29237 | Swamp:2  | Noticed Roxanne
 29279 | Swamp:2  | Noticed Frances
 29295 | Swamp:2  | Cast into level 3 of the Abyss (Frances)
 29407 | Abyss:3  | Found a corrupted altar of Lugonu.
 29414 | Swamp:2  | Escaped the Abyss
 29422 | Swamp:2  | Killed Frances
 30150 | Swamp:3  | Got a transparent chain mail
 30151 | Swamp:3  | Identified the +2 chain mail of Azeyphadgh {+Blink rPois
                  | rC++ Str-2} (You found it on level 3 of the Swamp)
 30170 | Swamp:4  | Entered Level 4 of the Swamp
 30176 | Swamp:4  | Noticed a thorn hunter
 30190 | Swamp:3  | Killed a thorn hunter
 30193 | Swamp:3  | Reached XP level 16. HP: 65/152 MP: 6/15
 32011 | Swamp:4  | HP: 3/155 [13-headed hydra (9)]
 32011 | Swamp:4  | Slain by a 13-headed hydra

Illustrated notes

Levels and vault maps discovered:
D:1:      dpeg_arrival_tiny_a, layout_rooms, serial_forest,
          infiniplex_forest_lined_3, infiniplex_forest_clump_diagonal,
          infiniplex_forest_clump_curved, infiniplex_forest_corner_2,
          infiniplex_forest_clump_large, infiniplex_forest_lined_3,
          infiniplex_forest_clump_small, infiniplex_forest_end_double,
          minmay_tall_x
D:2:      layout_basic
D:3:      gammafunk_steamed_eel, layout_rooms, old_standard_altar,
          lemuel_doored_altar, first_ration, chequers_serial_rivers_micro_d,
          st_stairs_14
D:4:      layout_gridville, elyvilon_altar_5, overflow_temple_1_default,
          serial_shops, shop, kennysheep_generic_room_12, uniq_blork_the_orc
D:5:      layout_rooms, nicolae_ru_great_annihilating_truth,
          serial_co_window_serial, co_window_paths_b, co_window_paths_a,
          co_window_corner_a, co_window_paths_b, co_window_of_opportunity_a,
          co_window_broadway_b, co_window_cross_4, co_window_cross_2,
          co_window_2corner, co_window_paths_c, cheibrodos_sewer_entry_bend,
          grunt_ministairs_9, uniq_crazy_yiuf_cottage
D:6:      cheibrodos_fzero, layout_basic, nicolae_overflow_crystal_walls,
          ashenzari_altar_1, minmay_temple_entry_poolview, serial_shops, shop
D:7:      layout_loops_cross, cheibriados_altar_1, the_bakery
D:8:      layout_gridville, grunt_dithmenos_smoke, uniq_psyche, uniq_pikel
D:9:      due_megacathedral, layout_loops_corners, hangedman_decor_lopped,
          abandoned_shop
D:10:     layout_basic, dpeg_lair_monsters, david_orc_3, special_room
          [special_room_bee], hangedman_decor_diamond_cutter, uniq_gastronok
D:11:     layout_roguey, uniq_snorg
D:12:     layout_gridville
D:13:     layout_grid_maze, skrybe_vaults_entry_preservation
D:14:     layout_basic, serial_park_square2, uniq_jorgrun
D:15:     gammafunk_depths_entry_grave, layout_rooms, minmay_misc_feat_rows
Temple:   dshaligram_water_room_temple
Lair:1:   layout_cave_pods, grunt_megastairs_3
Lair:2:   layout_cave_shapes
Lair:3:   layout_layer_cave, minmay_snake_entry_six_corridors,
          nicolae_volcano_entry_two_sided, lemuel_fruit_fields
Lair:4:   layout_hall_layers, minmay_swamp_entry_worms
Lair:5:   layout_gridlike
Lair:6:   wormcave, layout_layer_cave, hangedman_lair_in_review, slime_altar_1,
          uniq_urug
Swamp:1:  layout_basic_swamp, evilmike_swamp_ruin_house_4, swamp_pool3
Swamp:2:  layout_falls_marsh, hangedman_swamp_pad, swamp_pool1,
          st_swamp_ruins_4, uniq_frances, uniq_roxanne
Swamp:3:  layout_basic_swamp, evilmike_swamp_ruin_house_5
Swamp:4:  swamp_vile, layout_basic_swamp
Orc:1:    nicolae_orc_accident_1, layout_caves
Orc:2:    st_orc_rangers, layout_diamond_mine, serial_shops, nicolae_shop_stone,
          uniq_donald

Skill      XL: |  1  2  3  4  5  6  7  8  9 10 11 12 13 14 15 16 |
---------------+-------------------------------------------------+-----
Axes           | 3 4 5 6 7 10 11 13 15 17 18 19 20 | 20.0
Fighting       | 4 5 6 7 9 10 11 13 14 15 16 17 | 17.0
Armour         | 4 5 6 7 9 10 12 13 14 15 16 17 | 17.0
Shields        | 4 |  4.9
Dodging        | 5 9 11 12 | 12.1

Action                   |  1- 3 |  4- 6 |  7- 9 | 10-12 | 13-15 | 16-18 || total
-------------------------+-------+-------+-------+-------+-------+-------++-------
Melee: War axe           |    62 |   102 |   259 |       |       |       ||   423
       Headbutt          |    12 |    20 |    43 |    92 |   240 |    29 ||   436
       Battleaxe         |       |       |    42 |   527 |   987 |   194 ||  1750
Invok: Potion Petition   |       |       |       |     3 |     2 |       ||     5
       Call Merchant     |       |       |       |       |     2 |       ||     2
Evoke: Wand              |       |       |       |       |    10 |       ||    10
  Use: Potion            |       |     1 |     2 |     3 |     8 |       ||    14
       Scroll            |       |       |    11 |    10 |    14 |       ||    35
 Stab: Paralysed         |       |       |     1 |       |     3 |       ||     4
       Distracted        |       |       |       |     6 |     9 |     2 ||    17
  Eat: Chunk             |       |     6 |     7 |       |       |       ||    13
       Ration            |       |       |     2 |     7 |    16 |     1 ||    26
Armor: Scale mail        |    37 |    44 |    60 |       |       |       ||   141
       Plate armour      |       |       |    76 |   381 |   653 |       ||  1110
       Skin              |       |       |       |       |    17 |       ||    17
       Chain mail        |       |       |       |       |    16 |   116 ||   132
Dodge: Dodged            |    17 |    25 |    85 |   184 |   493 |   166 ||   970
Block: Kite shield       |    22 |    41 |   133 |       |       |       ||   196

Table legend:
 A = Non-vault XP
 B = Vault XP
 C = Vault XP percentage of total XP
 D = Non-vault monster count
 E = Vault monster count
 F = Vault count percentage of total count
                 A         B        C        D         E       F
            +---------+---------+-------+---------+---------+-------
      Total |  121491 |   50889 |  29.5 |     708 |     201 |  22.1
            +---------+---------+-------+---------+---------+-------
        D:1 |      26 |      13 |  33.3 |      15 |       4 |  21.1
        D:2 |      11 |       0 |   0.0 |       3 |       0 |   0.0
        D:3 |     105 |       1 |   0.9 |      20 |       1 |   4.8
        D:4 |     281 |     101 |  26.4 |      18 |       2 |  10.0
        D:5 |     532 |     189 |  26.2 |      27 |       9 |  25.0
        D:6 |     538 |     731 |  57.6 |      11 |      11 |  50.0
        D:7 |    1556 |     205 |  11.6 |      33 |       1 |   2.9
        D:8 |     816 |    1041 |  56.1 |      19 |       2 |   9.5
        D:9 |    2548 |    1038 |  28.9 |      94 |       5 |   5.1
       D:10 |    2590 |    6991 |  73.0 |      21 |      45 |  68.2
       D:11 |    5339 |    1129 |  17.5 |      49 |       1 |   2.0
       D:12 |    3412 |       0 |   0.0 |      34 |       0 |   0.0
       D:13 |   10749 |    3425 |  24.2 |      41 |       9 |  18.0
       D:14 |   12566 |    3278 |  20.7 |      39 |       1 |   2.5
       D:15 |    1150 |    1115 |  49.2 |       4 |       2 |  33.3
     Lair:1 |    3740 |     663 |  15.1 |      12 |       4 |  25.0
     Lair:2 |    3571 |       0 |   0.0 |      15 |       0 |   0.0
     Lair:3 |    4982 |    1126 |  18.4 |      20 |      12 |  37.5
     Lair:4 |    9728 |     266 |   2.7 |      35 |       1 |   2.8
     Lair:5 |    8686 |       0 |   0.0 |      23 |       0 |   0.0
     Lair:6 |   11655 |   17995 |  60.7 |      38 |      41 |  51.9
    Swamp:2 |    4487 |    2459 |  35.4 |      12 |       1 |   7.7
    Swamp:3 |    9283 |       0 |   0.0 |      22 |       0 |   0.0
    Swamp:4 |   18435 |       0 |   0.0 |      51 |       0 |   0.0
      Orc:1 |    1443 |     967 |  40.1 |      28 |       4 |  12.5
      Orc:2 |    1295 |    7910 |  85.9 |      17 |      43 |  71.7
    Abyss:3 |    1967 |       0 |   0.0 |       7 |       0 |   0.0
    Volcano |       0 |     246 | 100.0 |       0 |       2 | 100.0
            +---------+---------+-------+---------+---------+-------
